 Dungeon Crawl Stone Soup version 0.31-a0-744-gbc345e7fcb (webtiles) character file.

Game seed: 7871822319057003737

7599 voltaire321 the Prestidigitator (level 10, -23/84 HPs)
             Began as a Demonspawn Artificer on Sept 10, 2023.
             Was an Elder of Okawaru.
             Annihilated by a skeletal warrior
             ... wielding a +0 glaive
              (27 damage)
             ... on level 10 of the Dungeon on Sept 14, 2023.
             The game lasted 00:27:04 (9020 turns).

voltaire321 the Prestidigitator (DsAr)              Turns: 9020, Time: 00:27:04

Health: -23/84     AC: 16    Str: 15    XL:     10   Next: 97%
Magic:  9/9        EV: 20    Int: 17    God:    Okawaru [****..]
Gold:   520        SH:  0    Dex: 19    Spells: 9/9 levels left

rFire   . . .        L - +6 executioner's axe (flame)
rCold   . . .        (shield currently unavailable)
rNeg    . . .        I - +1 ring mail {rC+}
rPois   .            E - +2 hat
rElec   .            (no cloak)
rCorr   .            b - +0 pair of gloves
SInv    .            x - +2 pair of boots {Stlth+}
Will    +....        F - amulet of the acrobat
Stlth   +++          r - +6 ring of dexterity
HPRegen 0.34/turn    e - +5 ring of evasion
MPRegen 0.11/turn

%: acrobat
@: slowed, very slow
A: rugged brown scales 2, powered by pain 2, demonic touch 1, clever 1, low MP
1, strong-willed 1, sense surroundings 1, cold vulnerability 1, subdued magic 1
a: Renounce Religion, Heroism, Finesse


You were on level 10 of the Dungeon.
You worshipped Okawaru.
Okawaru was greatly pleased with you.
You visited 2 branches of the dungeon, and saw 11 of its levels.
You also visited: Ossuary.

You collected 520 gold pieces.

Inventory:

Hand Weapons
 H - a +3 heavy war axe
 L - a +6 executioner's axe of flaming (weapon)
Missiles
 i - 39 poisoned darts
 l - 4 throwing nets
Armour
 b - a +0 pair of gloves (worn)
 j - the +10 plate armour of Vehumet's Approval {Drain Regen+ Str+7 Dex-4}
   (You took it off an orc on level 8 of the Dungeon)

   Str+7:     It affects your strength (+7).
   Dex-4:     It affects your dexterity (-4).
   Regen+:    It increases your rate of health regeneration.
   Drain:     It drains your maximum health when unequipped.
 x - a +2 pair of boots of stealth (worn)
 E - a +2 hat (worn)
 I - a +1 ring mail of cold resistance (worn)
 Q - a +1 chain mail of fire resistance
Magical Staves
 n - a staff of air
Jewellery
 e - a +5 ring of evasion (right hand)
 r - a +6 ring of dexterity (left hand)
 t - a ring of protection from fire
 y - a ring of magical power
 C - a +6 ring of dexterity
 F - an amulet of the acrobat (around neck)
Wands
 c - a wand of flame (5) (quivered)
 d - a wand of charming (14)
 D - a wand of paralysis (10)
 G - a wand of roots (8)
 O - a wand of mindburst (3)
Scrolls
 a - 4 scrolls of identify
 f - 2 scrolls of enchant armour
 h - 3 scrolls of blinking
 k - 4 scrolls of vulnerability
 o - 4 scrolls of amnesia
 s - 4 scrolls of teleportation
 w - 3 scrolls of noise
 P - a scroll of fear {unknown}
 R - a scroll of immolation {unknown}
Potions
 g - 2 potions of resistance
 m - 3 potions of haste
 p - 2 potions of heal wounds
 q - 4 potions of curing
 u - a potion of cancellation {unknown}
 v - a potion of lignification
 z - 2 potions of attraction {unknown}
 A - 4 potions of mutation
 B - 2 potions of enlightenment
 J - a potion of berserk rage
 K - a potion of magic
 M - 2 potions of ambrosia {unknown}
 N - a potion of degeneration {unknown}


   Skills:
 + Level 7.7 Fighting
 * Level 6.3 Axes
 + Level 7.3 Armour
 + Level 7.0 Dodging
 - Level 2.0 Stealth
 + Level 8.2 Evocations


You had 9 spell levels left.
You didn't know any spells.
Your spell library contained the following spells:

 Spells                   Type           Power      Damage    Failure   Level
 Shock                    Conj/Air       0%         1d3       34%         1
 Blink                    Tloc           0%         N/A       50%         2
 Static Discharge         Conj/Air       0%         2-2/arc   50%         2
 Sublimation of Blood     Necr           0%         N/A       50%         2
 Wereblood                Tmut           0%         N/A       50%         2
 Inner Flame              Hex/Fire       0%         N/A       73%         3
 Volatile Blastmotes      Fire/Tloc      0%         2d10      73%         3
 Manifold Assault         Tloc           0%         N/A       98%         4
 Ignition                 Fire           0%         3d3       100%        8
 Summon Ice Beast         Ice/Summ       Unusable   N/A       N/A         4
 Summon Mana Viper        Hex/Summ       Unusable   N/A       N/A         5
 Monstrous Menagerie      Summ           Unusable   N/A       N/A         7
 Summon Hydra             Summ           Unusable   N/A       N/A         7

Dungeon Overview and Level Annotations

Branches:
Dungeon (10/15)            Temple (1/1) D:5         Ossuary (visited)
   Lair: D:8-11         Orc: D:9-12

Altars:
Ashenzari
Cheibriados
Dithmenos
Fedhas
Gozag
Kikubaaqudgha
Makhleb
Nemelex Xobeh
Okawaru
Qazlal
Ru
Sif Muna
Trog
Uskayaw
Vehumet
Wu Jian
Xom
Yredelemnul

Shops:
D:4 *   D:8 [


Innate Abilities, Weirdness & Mutations

You are mostly covered in rugged brown scales. (AC +2, +5% HP)
You sometimes gain power by taking damage.
Your touch may inflict minor irresistible damage on your foes.
Your mind is acute. (Int +4, Str/Dex -1)
Your magical capacity is low. (-10% MP)
You are strong-willed. (Will+)
You passively map a small area around you.
You are vulnerable to cold. (rC-)
Your spells are a little easier to cast, but a little less powerful.


Message History

The skeletal warrior hits you from afar with a +0 glaive!!
The flying skull hits you but does no damage.
The flying skull barely misses you.
Your Dodging skill increases to level 7!
You closely miss the flying skull.
The flying skull is heavily damaged.
You closely miss the wraith. You closely miss the flying skull.
The flying skull barely misses you. The flying skull misses you.
The skeletal warrior hits you but does no damage.
The wraith completely misses you. The flying skull completely misses you.
The flying skull barely misses you.
The skeletal warrior hits you from afar with a +0 glaive!
The wraith hits you.
The shadow slips into darkness.
The shadow flickers and vanishes!
Deactivating autopickup; reactivate with Ctrl-A.
A wight comes into view. It is wielding a +0 dagger.
You miss the flying skull.
The flying skull is heavily damaged.
You hit the wraith but do no damage. You slash the flying skull!
You burn the flying skull.
You destroy the flying skull!
Okawaru accepts your kill. The flying skull misses you.
The flying skull hits you but does no damage.
The skeletal warrior hits you from afar with a +0 glaive.
The wraith hits you. The wraith drains your vigour!
You feel yourself slow down.
You hit the flying skull.
The flying skull is severely damaged.
You slice the wraith!! You burn the wraith. The flying skull barely misses you.
The flying skull hits you but does no damage.
The skeletal warrior hits you from afar with a +0 glaive!!
* * * LOW HITPOINT WARNING * * *
The flying skull hits you but does no damage.
The skeletal warrior completely misses you.
A centaur warrior skeleton comes into view.
The flying skull misses you.
The skeletal warrior hits you from afar with a +0 glaive!!
You die...

#.....
#######.....
#####.<.........
*#.....###.#.....
, *
,*#..###....#...##
, * ,*
#..##..####.....
*, # *#..##.##
#.....
#.#Z#z###..#..#
######
..Z.zWz@...#### *
, ..ZZZzz....# * *
#Z#Z#Z######,, ,
#Z##, * , * ,* * *
* ** * , ** , , ,
, * * , , ** ,, ,
, #.##


You could see 2 skeletal warriors, a wraith, a flying skull, 2 wights, 2 centaur
zombies, a centaur warrior zombie, a centaur skeleton and 4 centaur warrior
skeletons.

Vanquished Creatures
  Pikel (D:6)
  Jeremiah (D:6)
  Psyche (D:10)
  A hornet (D:8)
  3 flying skulls (D:10)
  12 yaks (D:9)
  A wyvern (D:9)
  A steam dragon (D:8)
  Duvessa (D:5)
  4 water moccasins
  3 black bears
  2 sky beasts (D:7)
  4 orc warriors
  An ice beast (D:6)
  An ogre (D:5)
  2 phantoms
  4 bullfrogs
  2 kobold brigands
  2 gnoll sergeants
  An elf zombie (Ossuary)
  3 scorpions
  Dowan (D:5)
  3 killer bees (D:10)
  7 jellies
  5 hounds
  2 orc priests
  A gnoll bouda (D:5)
  2 quasits
  2 iguanas
  5 orc wizards
  3 sleepcaps
  The ghost of blessed the Covered, a weakling AtFi (D:3)
  3 mummies (Ossuary)
  10 gnolls
  7 adders
  7 shadow imps (D:8)
  5 white imps
  2 ufetubi
  3 adder zombies (Ossuary)
  2 dart slugs (D:3)
  3 worms
  40 orcs
  9 ball pythons
  5 bats
  16 endoplasms
  A giant cockroach (D:3)
  4 hobgoblins
  5 quokkas
  4 frilled lizards
  6 goblins
  4 goblin zombies (Ossuary)
  20 kobolds
  6 kobold zombies (Ossuary)
  A quokka zombie (Ossuary)
  10 rats
  3 rat zombies (Ossuary)
259 creatures vanquished.

Vanquished Creatures (others)
  A quasit (D:3)
  An ufetubus (D:8)
2 creatures vanquished.

Grand Total: 261 creatures vanquished

Notes
Turn   | Place    | Note
-------+----------+-------------------------------------------
     0 | D:1      | voltaire321 the Demonspawn Artificer began the quest for
                  | the Orb.
     0 | D:1      | Reached XP level 1. HP: 15/15 MP: 1/1
    57 | D:1      | Got Guiloo's Directory of Sizzling Arcane Combat
   238 | D:1      | Reached skill level 1 in Dodging
   421 | D:1      | Gained mutation: You are partially covered in rugged brown
                  | scales. (AC +1, +3% HP) [demonic ancestry]
   421 | D:1      | Reached XP level 2. HP: 14/21 MP: 2/2
  1216 | D:2      | Gained mutation: Your touch may inflict minor irresistible
                  | damage on your foes. [demonic ancestry]
  1216 | D:2      | Reached XP level 3. HP: 27/27 MP: 3/3
  1337 | D:2      | You fall into a shaft and drop 2 floors!
  1340 | D:4      | Found an opulent altar of Gozag.
  1346 | D:4      | Found Gozag's Platinum Reserve.
  1502 | D:3      | Noticed a phantom
  1515 | D:3      | Killed a phantom
  1516 | D:3      | Reached XP level 4. HP: 18/35 MP: 4/4
  1543 | D:3      | Found a shadowy altar of Dithmenos.
  1665 | D:3      | Gained mutation: You are mostly covered in rugged brown
                  | scales. (AC +2, +5% HP) [demonic ancestry]
  1665 | D:3      | Reached XP level 5. HP: 35/40 MP: 5/5
  1759 | D:3      | Reached skill level 4 in Evocations
  1842 | D:3      | Found a faded altar of an unknown god.
  1937 | D:3      | Reached skill level 1 in Stealth
  1942 | D:3      | Found a transporter.
  1944 | D:3      | Noticed blessed's ghost (weakling AtFi)
  1955 | D:3      | Found a transporter.
  2071 | D:3      | Killed blessed's ghost
  2991 | D:3      | Gained mutation: You sometimes gain a little power by
                  | taking damage. [demonic ancestry]
  2991 | D:3      | Reached XP level 6. HP: 46/49 MP: 6/6
  3310 | D:4      | Reached XP level 7. HP: 54/54 MP: 7/7
  3477 | D:5      | Entered Level 5 of the Dungeon
  3557 | D:5      | Noticed Duvessa
  3561 | D:5      | Noticed Dowan
  3568 | D:5      | Killed Duvessa
  3569 | D:5      | Reached skill level 5 in Evocations
  3570 | D:5      | Gained mutation: Armour fits poorly on your strangely
                  | shaped body. [potion of mutation]
  3570 | D:5      | Gained mutation: You have hidden genetic defects. [potion
                  | of mutation]
  3570 | D:5      | Gained mutation: Your body sometimes deteriorates upon
                  | taking damage. [potion of mutation]
  3586 | D:5      | Killed Dowan
  3596 | D:5      | Lost mutation: Armour fits poorly on your strangely shaped
                  | body. [potion of mutation]
  3596 | D:5      | Lost mutation: Your body sometimes deteriorates upon taking
                  | damage. [potion of mutation]
  3596 | D:5      | Gained mutation: Your mind is acute. (Int +4, Str/Dex -1)
                  | [potion of mutation]
  3596 | D:5      | Gained mutation: You are strong-willed. (Will+) [potion of
                  | mutation]
  3596 | D:5      | Gained mutation: You passively map a small area around you.
                  | [potion of mutation]
  3821 | D:5      | Gained mutation: Your magical capacity is low. (-10% MP)
                  | [hidden defects]
  3852 | D:5      | Reached skill level 1 in Axes
  3852 | D:5      | Reached XP level 8. HP: 64/64 MP: 7/7
  3908 | D:5      | Gained mutation: You have terrible hidden genetic defects.
                  | [hidden defects]
  3908 | D:5      | Lost mutation: You have terrible hidden genetic defects.
                  | [hidden defects expressed]
  4271 | D:5      | Gained mutation: You are vulnerable to cold. (rC-) [hidden
                  | defects]
  4363 | D:5      | Found a staircase to the Ecumenical Temple.
  4372 | Temple   | Entered the Ecumenical Temple
  4483 | Temple   | Became a worshipper of Warmaster Okawaru
  4580 | D:5      | Reached skill level 5 in Fighting
  4676 | D:5      | Reached skill level 5 in Armour
  5026 | D:6      | Noticed Pikel
  5038 | D:6      | Killed Pikel
  5038 | D:6      | Reached * piety under Okawaru
  5039 | D:6      | Reached skill level 5 in Dodging
  5039 | D:6      | Reached skill level 6 in Evocations
  5039 | D:6      | Gained mutation: You sometimes gain power by taking damage.
                  | [demonic ancestry]
  5039 | D:6      | Reached XP level 9. HP: 37/71 MP: 8/8
  5048 | D:6      | Found a sand-covered staircase.
  5053 | Ossuary  | Entered an ossuary
  5053 | Ossuary  | Gained mutation: Your spells are a little easier to cast,
                  | but a little less powerful. [hidden defects]
  5053 | Ossuary  | Lost mutation: You have hidden genetic defects. [hidden
                  | defects expressed]
  5329 | D:6      | Upgraded the game from 0.31-a0-716-gc7603755dd to
                  | 0.31-a0-744-gbc345e7fcb
  5353 | D:6      | Found an ancient bone altar of Kikubaaqudgha.
  5448 | D:6      | Noticed Jeremiah
  5480 | D:6      | Killed Jeremiah
  6049 | D:7      | Reached ** piety under Okawaru
  6365 | D:7      | Reached skill level 7 in Evocations
  7159 | D:8      | Reached XP level 10. HP: 72/80 MP: 9/9
  7191 | D:8      | Identified the +10 plate armour of Vehumet's Approval
                  | {Drain Regen+ Str+7 Dex-4}
  7512 | D:8      | Found a sparkling altar of Nemelex Xobeh.
  7519 | D:8      | Identified a scroll of acquirement
  7519 | D:8      | Acquired a +1 executioner's axe of flaming
  7602 | D:8      | Found Qaifugu's Antique Armour Shoppe.
  7734 | D:8      | Found a shimmering blue altar of Sif Muna.
  7899 | D:9      | Reached *** piety under Okawaru
  7903 | D:9      | Reached skill level 5 in Axes
  8283 | D:9      | Found a radiant altar of Vehumet.
  8308 | D:9      | Reached **** piety under Okawaru
  8309 | D:9      | Reached skill level 8 in Evocations
  8831 | D:9      | Found a shimmering altar of Xom.
  8831 | D:9      | Found a faded altar of an unknown god.
  8839 | D:9      | Found a faded altar of an unknown god.
  8841 | D:9      | Found a bloodstained altar of Trog.
  8843 | D:9      | Found an ornate altar of the Wu Jian Council.
  8896 | D:10     | Entered Level 10 of the Dungeon
  8954 | D:10     | Noticed Psyche
  8964 | D:10     | Killed Psyche
  9014 | D:10     | Noticed a skeletal warrior
  9016 | D:10     | Identified the ring of Pamaigef {rElec rF++ Will+ EV+5
                  | Stlth-}
  9016 | D:10     | Noticed a skeletal warrior
  9020 | D:10     | HP: 4/84 [skeletal warrior/+0 glaive (26)]
  9020 | D:10     | Annihilated by a skeletal warrior

Illustrated notes

Levels and vault maps discovered:
D:1:      dpeg_arrival_concentric_ovals, layout_loops_ring, st_stairs_12
D:2:      layout_basic
D:3:      layout_loops_ring, nicolae_dithmenos_the_darkroom,
          gammafunk_ghost_stat_death, ebering_ecumenical_altar_sacrificial,
          chequers_serial_rivers_small_b
D:4:      cheibrodos_fertilizer, layout_rooms, nicolae_gozag_zags_fifth_avenue,
          minmay_ruptured
D:5:      layout_basic, lemuel_temple_firewalk_b, hex_medium,
          grunt_ministairs_11, minmay_bent, uniq_duvessa
D:6:      layout_gridville, nicolae_kikubaaqudgha_miasma_corner,
          enter_ossuary_5, uniq_pikel, uniq_jeremiah
D:7:      layout_loops_ring
D:8:      layout_loops_ring, nemelex_diamond_rough_becter,
          nicolae_sif_muna_condensation, serial_shops,
          nicolae_shop_real_fake_doors, serial_demonic, serial_demonic_f,
          serial_demonic_e, serial_demonic_f, serial_demonic_a,
          serial_demonic_d, serial_demonic_g
D:9:      layout_roguey, fiery_altar_vehumet,
          chequers_temple_overflow_minitemple, serial_corexii_hall,
          corexii_hall_statues_deadend, chequers_hall_statues_y,
          minmay_misc_feat_doors
D:10:     hangedman_screamer, layout_rooms, tso_metal_star,
          nicolae_hepliaklqana_monster_ancestors, orc_0_dummy,
          kennysheep_generic_room_12, uniq_psyche
Temple:   minmay_temple_curvy_loop

Skill      XL: |  1  2  3  4  5  6  7  8  9 10 |
---------------+-------------------------------+-----
Dodging        | 1 2 3 4 5 6 7 |  7.0
Armour         | 2 3 4 5 6 7 |  7.3
Fighting       | 2 3 4 5 6 7 |  7.7
Evocations     | 4 5 6 7 8 |  8.2
Stealth        | 1 2 |  2.0
Axes           | 1 3 4 6 |  6.3

Action                     |  1- 3 |  4- 6 |  7- 9 | 10-12 || total
---------------------------+-------+-------+-------+-------++-------
  Melee: Dagger            |   126 |    55 |       |       ||   181
         Club              |     1 |       |       |       ||     1
         Punch             |     2 |     1 |     5 |     1 ||     9
         Touch             |     6 |    18 |    60 |     6 ||    90
         Hand axe          |       |    53 |    34 |       ||    87
         War axe           |       |       |   228 |    40 ||   268
         Executioner's axe |       |       |       |    91 ||    91
  Throw: Dart              |     5 |       |       |       ||     5
  Evoke: Wand              |    14 |    15 |     6 |       ||    35
    Use: Scroll            |       |       |    16 |     6 ||    22
         Potion            |       |       |     4 |       ||     4
   Stab: Sleeping          |     2 |     7 |    13 |     1 ||    23
         Distracted        |       |       |     1 |       ||     1
         Paralysed         |       |       |     2 |       ||     2
 Armour: Leather armour    |    73 |   116 |    21 |       ||   210
         Ring mail         |       |       |   148 |   123 ||   271
  Dodge: Dodged            |    74 |   138 |   233 |   260 ||   705

Table legend: (Time is in decaauts)
 A = Elapsed time spent in this place.
 B = Non-inter-level travel time spent in this place.
 C = Inter-level travel time spent in this place.
 D = Time resting spent in this place.
 E = Time spent auto-exploring this place.
 F = Levels seen in this place.
 G = Mean time per level.
                   A        B        C        D        E       F      G
               +--------+--------+--------+--------+--------+-----+--------+
         Total |   9206 |   8971 |    235 |   1015 |   5348 |  12 |  767.2 |
       Dungeon |   8777 |   8570 |    207 |    891 |   5311 |  10 |  877.7 |
        Temple |    140 |    112 |     28 |      0 |      0 |   1 |  140.0 |
       Ossuary |    288 |    288 |      0 |    124 |     37 |   1 |  288.0 |
               +--------+--------+--------+--------+--------+-----+--------+

Top non-repeatable levels by time:
     D:5: 1287 daAuts
     D:8: 1068 daAuts
     D:9: 1067 daAuts
     D:1: 1020 daAuts
     D:3: 944 daAuts
     D:7: 889 daAuts
     D:2: 876 daAuts
     D:6: 832 daAuts
     D:4: 652 daAuts
 Ossuary: 288 daAuts
  Temple: 140 daAuts
    D:10: 137 daAuts
